 Dungeon Crawl Stone Soup version 0.18.1-48-g4cf74bf (webtiles) character file.

1166 Lennu the Blocker (level 8, -4/68 HPs)
             Began as a Formicid Fighter on June 29, 2016.
             Killed by nerve-wracking pain
             ... invoked by an orc priest
              (14 damage)
             ... on level 4 of the Dungeon.
             The game lasted 00:20:48 (3667 turns).

Lennu the Blocker (Formicid Fighter)                Turns: 3667, Time: 00:20:50

Health: -4/68      AC:  8    Str: 20 (23) XL:     8   Next: 67%
Magic:  8/8        EV: 12    Int:  2 (3)  God:
Gold:   129        SH: 11    Dex:  9 (10) Spells: 0 memorised, 7 levels left

rFire  . . .     SeeInvis +     e - +1 halberd (flame)
rCold  . . .     Gourm    .     s - +0 ring mail {rPois}
rNeg   + . .     Faith    .     c - +0 shield
rPois  +         Spirit   .     (helmet unavailable)
rElec  .         Dismiss  .     k - +0 cloak
rCorr  .         Reflect  .     (no gloves)
SustAt .         Harm     .     (no boots)
MR     .....                    (no amulet)
Stlth  ..........               h - -5 ring of intelligence (curse)
                                l - ring of positive energy (curse)

@: lethally poisoned (-4 -> -8), not resistant to hostile enchantments,
extremely unstealthy
A: permanent stasis, dig shafts and tunnels, four strong arms, antennae 3
a: Dig, Shaft Self


You were on level 4 of the Dungeon.
You were hungry.

You visited 1 branch of the dungeon, and saw 4 of its levels.

You collected 129 gold pieces.

Inventory:

Hand Weapons
 a - a +0 trident
 e - a +1 halberd of flaming (weapon)
Armour
 b - a +0 scale mail
 c - a +0 shield (worn)
 k - a +0 cloak (worn)
 s - a +0 ring mail of poison resistance (worn)
Jewellery
 d - an uncursed ring of resist corrosion
 h - a cursed -5 ring of intelligence (right hand)
 l - a cursed ring of positive energy (left hand)
Potions
 m - 2 potions of lignification
 u - 2 potions of heal wounds {unknown}
Comestibles
 f - 4 bread rations
 g - a slice of pizza
 j - 2 chunks of flesh
 n - a royal jelly


   Skills:
 * Level 7.9 Fighting
 * Level 6.8 Polearms
 * Level 7.7 Armour
 * Level 5.8 Dodging
 * Level 8.8 Shields


You had 7 spell levels left.
You didn't know any spells.

Dungeon Overview and Level Annotations

Branches:
Dungeon (4/15)
 Temple: D:4-7

Altars:
Okawaru
Sif Muna
Xom
The Shining One


Innate Abilities, Weirdness & Mutations

You are under a permanent stasis effect.
You can dig through walls and to a lower floor.
Your four strong arms can wield two-handed weapons with a shield.
You have a pair of large antennae on your head (SInv).


Message History

The orc priest looks braver for a moment.
The orc barely misses you.
You hit the orc priest but do no damage.
The orc priest is almost dead.
You feel sick. You block the orc priest's attack. The orc barely misses you.
You barely miss the orc priest.
The orc priest is almost dead.
You feel sick. The orc priest hits you with a dagger.
* * * LOW HITPOINT WARNING * * *
The orc hits you with a dagger.
* * * LOW HITPOINT WARNING * * *
The orc barely misses you.
The orc priest hits you but does no damage.
You barely miss the orc priest.
The orc priest is almost dead.
You are feeling hungry.
You feel sick. You block the orc's attack.
The orc priest calls down the wrath of Beogh upon you.
Pain shoots through your body!
You die...

# ##..##.######.#
#. #...[#.........
#..#..############
#...<.......#
##.##.####.##
...#.......#
#.########..#
..........#o)# .
#.o@.# #.#..#
#.#..# #o#..#
#.#### #. #. #.


You could see an orc priest and an orc.

Vanquished Creatures
  Sigmund (D:4)
  Menkaure (D:4)
  2 ogres (D:4)
  A scorpion (D:4)
  A howler monkey (D:4)
  2 orc priests (D:3)
  2 orc wizards
  Ijyb (D:3)
  Natasha (thrice) (D:2)
  A worker ant (D:4)
  Robin (D:3)
  3 gnolls (D:3)
  A howler monkey skeleton (D:4)
  5 adders
  An adder skeleton (D:4)
  2 worms
  A dart slug (D:3)
  A giant gecko (D:2)
  11 orcs
  A ball python (D:1)
  5 giant cockroaches
  11 goblins
  8 hobgoblins
  7 jackals
  A quokka (D:2)
  6 bats
  A giant newt (D:3)
  3 kobolds
  5 rats
89 creatures vanquished.

Notes
Turn   | Place    | Note
--------------------------------------------------------------
     0 | D:1      | Lennu the Formicid Fighter began the quest for the Orb.
     0 | D:1      | Reached XP level 1. HP: 18/18 MP: 1/1
   129 | D:1      | Reached XP level 2. HP: 24/24 MP: 2/2
   358 | D:1      | Reached skill level 4 in Shields
   572 | D:1      | Reached XP level 3. HP: 30/30 MP: 3/3
  1032 | D:2      | Reached skill level 1 in Dodging
  1032 | D:2      | Reached XP level 4. HP: 29/37 MP: 4/4
  1208 | D:2      | Found a glowing golden altar of the Shining One.
  1242 | D:2      | Noticed Natasha
  1249 | D:2      | Killed Natasha
  1477 | D:2      | Reached XP level 5. HP: 42/42 MP: 5/5
  1579 | D:2      | Noticed Natasha
  1589 | D:2      | Killed Natasha
  1654 | D:2      | Noticed Natasha
  1674 | D:2      | Killed Natasha
  1923 | D:3      | Noticed Ijyb
  1952 | D:3      | Killed Ijyb
  2247 | D:3      | Reached XP level 6. HP: 44/49 MP: 6/6
  2445 | D:3      | Reached skill level 5 in Dodging
  2445 | D:3      | Reached skill level 8 in Shields
  2445 | D:3      | Reached XP level 7. HP: 59/61 MP: 7/7
  2793 | D:3      | Noticed Robin
  2800 | D:3      | Killed Robin
  3006 | D:3      | Found a deep blue altar of Sif Muna.
  3073 | D:4      | Found an iron altar of Okawaru.
  3093 | D:4      | Noticed Sigmund
  3110 | D:4      | Killed Sigmund
  3110 | D:4      | Reached XP level 8. HP: 56/68 MP: 8/8
  3308 | D:4      | Found a shimmering altar of Xom.
  3341 | D:4      | Noticed Menkaure
  3356 | D:4      | Killed Menkaure
  3667 | D:4      | Killed from afar by an orc priest

Skill      XL: |  1  2  3  4  5  6 |
---------------+-------------------+-----
Shields        | 4 8 |  8.8
Fighting       | 4 7 |  7.9
Dodging        | 1 5 |  5.8
Armour         | 4 7 |  7.7
Polearms       | 6 |  6.8

Action                   |  1- 3 |  4- 6 |  7- 9 || total
-------------------------+-------+-------+-------++-------
Melee: Trident           |    96 |   123 |    39 ||   258
       Halberd           |       |       |    96 ||    96
 Abil: Dig               |       |     1 |     2 ||     3
  Use: Potion            |       |     3 |     6 ||     9
       Scroll            |       |       |     4 ||     4
  Eat: Chunk             |       |     5 |     4 ||     9
Armor: Scale mail        |    46 |    25 |       ||    71
       Ring mail         |       |     6 |    15 ||    21
       Skin              |       |       |    16 ||    16
Dodge: Dodged            |    31 |    24 |    31 ||    86
Block: Shield            |    47 |    42 |    53 ||   142
